 Seeded DCSS version 0.30-a0-626-gd6a5dd7a1f (webtiles) character file.

Game seed: 3901094715573708078 (custom seed)

418 hikkokomori the Trooper (level 7, -1/58 HPs)
             Began as a Formicid Fighter on Jan 12, 2023.
             Killed from afar by an orc wizard (4 damage)
             ... with a magic dart
             ... on level 4 of the Dungeon.
             The game lasted 00:04:05 (2323 turns).

hikkokomori the Trooper (Formicid Fighter)          Turns: 2323, Time: 00:04:06

Health: -1/58      AC:  6    Str: 26    XL:     7   Next: 16%
Magic:  0/7        EV: 10    Int:  8    God:
Gold:   822        SH:  0    Dex: 15    Spells: 6/6 levels left

rFire   . . .      SeeInvis +    k - +2 giant spiked club of Deshruamu {drain, Drain rC++ Str+4 Dex+2}
rCold   + + .      Faith    .    (shield currently unavailable)
rNeg    . . .      Spirit   +    b - +0 scale mail
rPois   .          Reflect  .    (helmet unavailable)
rElec   .          Harm     .    (no cloak)
rCorr   .          Rampage  .    (no gloves)
Will    .....                    (no boots) Stlth
                                 h - amulet of guardian spirit
HPRegen 0.29/turn                (no ring)
MPRegen 0.10/turn                (no ring)

@: lethally poisoned (-1 -> -5)
A: permanent stasis, dig shafts and tunnels, antennae 3, four strong arms
a: Dig, Shaft Self


You were on level 4 of the Dungeon.
You visited 1 branch of the dungeon, and saw 4 of its levels.

You collected 822 gold pieces.

Inventory:

Hand Weapons
 a - a +0 war axe
 k - the +2 giant spiked club of Deshruamu (weapon) {drain, Drain rC++ Str+4 Dex+2}
   (You acquired it on level 2 of the Dungeon)

   Str:       It affects your strength (+4).
   Dex:       It affects your dexterity (+2).
   rC:        It greatly protects you from cold.
   Drain:     It drains your maximum health when unequipped.
Armour
 b - a +0 scale mail (worn)
Jewellery
 h - an amulet of guardian spirit (around neck)
 i - a ring of positive energy
 m - a ring of fire
 s - a +4 ring of protection
 y - a +6 ring of strength
Wands
 t - a wand of roots (7)
Scrolls
 c - a scroll of identify
 d - a scroll of torment {unknown}
 e - 3 scrolls of teleportation
 f - 2 scrolls of vulnerability {unknown}
 j - 3 scrolls of magic mapping {unknown}
 l - a scroll of immolation {unknown}
 n - a scroll of blinking {unknown}
 p - a scroll of enchant armour {unknown}
 q - 2 scrolls of fear
 r - a scroll of poison {unknown}
 u - a scroll of enchant weapon {unknown}
Potions
 g - a potion of mutation
 o - a potion of curing
 v - a potion of invisibility {unknown}
 w - a potion of magic {unknown}
 x - a potion of haste {unknown}


   Skills:
 + Level 6.1 Fighting
 - Level 2.8(3.9) Axes
 + Level 3.9(4.4) Maces & Flails
 - Level 3.5 Armour
 - Level 4.2 Shields


You had 6 spell levels left.
You didn't know any spells.
Your spell library contained the following spells:

 Spells                   Type           Power      Damage    Failure   Level
 Apportation              Tloc           0%         N/A       69%         1
 Necrotise                Necr           0%         1d4       69%         1
 Summon Small Mammal      Summ           0%         N/A       69%         1
 Cigotuvi's Dreadful Rot  Necr/Pois/Air  0%         N/A       83%         2
 Portal Projectile        Hex/Tloc       0%         N/A       96%         3
 Tukima's Dance           Hex            0%         N/A       96%         3
 Dispel Undead            Necr           0%         3d6       100%        4
 Blade Hands              Tmut           0%         N/A       100%        5
 Death Channel            Necr           0%         N/A       100%        6


Dungeon Overview and Level Annotations

Branches:
Dungeon (4/15)
 Temple: D:4-7

Altars:

Shops:
D:1 :

Annotations:
D:3 2 transporters, drugrobin's ghost, weakling DgDe


Innate Abilities, Weirdness & Mutations

You cannot be hasted, slowed, berserked, paralysed or teleported.
You can dig through walls and to a lower floor.
You have a pair of large antennae on your head. (SInv)
Your four strong arms can wield two-handed weapons with a shield.


Message History

You hit the orc wizard. You drain the orc wizard.
The orc wizard is heavily wounded.
The orc wizard hits you with a +0 dagger.
The orc wizard hits you but does no damage.
A scorpion comes into view.
You spit the orc wizard like a pig!!!
You kill the orc wizard!
The orc barely misses you.
The orc wizard hits you but does no damage.
The orc wizard hits you with a +0 dagger.
* * * LOW HITPOINT WARNING * * *
The orc hits you with a +0 club.
* * * LOW HITPOINT WARNING * * *
You barely miss the orc wizard. The orc hits you with a +0 club.
* * * LOW HITPOINT WARNING * * *
The orc wizard gestures at you while chanting.
You are confused.
It was a potion of curing.
You feel better. The orc hits you with a +0 club.
The orc wizard hits you with a +0 dagger.
You closely miss the orc wizard.
You hear the slow rusting of a very distant drain.
The orc closely misses you. The orc wizard casts a spell at you.
The puff of flame misses you. The scorpion stings you.
You are poisoned.
The scorpion poisons you! The orc wizard closely misses you.
The orc zaps a wand.
The bolt of light hits you!
* * * LOW HITPOINT WARNING * * *
You closely miss the scorpion.
* * * LOW HITPOINT WARNING * * *
You feel very sick.
The scorpion stings you but does no damage.
The orc hits you with a +0 club.
* * * LOW HITPOINT WARNING * * *
The orc wizard hits you but does no damage.
The scorpion closely misses you.
The orc zaps a wand.
The bolt of light misses you.
The orc wizard gestures at you while chanting.
The magic dart hits you.
You die...

#.# . #.# .. #.#
... #.#
....#+#.##
.........###{
#..os...#####
#..o@$......#
#...)....##.#
#......<.##.###
#...........!.###
##......).......#
#..........#.#...
#......##)...#
##########.#.#
#..>..


You could see a scorpion, an orc wizard (invisible) and an orc.

Vanquished Creatures
  Sigmund (D:3)
  Eustachio (D:4)
  An orc priest (D:4)
  An orc wizard (D:4)
  An adder (D:3)
  A worm (D:3)
  2 dart slugs (D:1)
  5 orcs
  2 ball pythons
  5 endoplasms
  2 giant cockroaches (D:1)
  4 goblins
  8 hobgoblins
  4 kobolds
  4 quokkas
  5 bats
  2 frilled lizards
  2 rats (D:2)
51 creatures vanquished.

Vanquished Creatures (others)
  2 plants (D:2)
2 creatures vanquished.

Grand Total: 53 creatures vanquished

Notes
Turn   | Place    | Note
-------+----------+-------------------------------------------
     0 | D:1      | hikkokomori the Formicid Fighter began the quest for the
                  | Orb.
     0 | D:1      | Reached XP level 1. HP: 18/18 MP: 1/1
   198 | D:1      | Reached XP level 2. HP: 24/24 MP: 0/2
   523 | D:1      | Reached XP level 3. HP: 29/29 MP: 3/3
   526 | D:1      | Found Ryappux's Vocational Training.
  1207 | D:2      | Reached skill level 4 in Fighting
  1475 | D:3      | Noticed Sigmund
  1491 | D:2      | Identified 2 scrolls of acquirement
  1491 | D:2      | Acquired 672 gold pieces
  1495 | D:2      | Acquired the +2 giant spiked club of Deshruamu {drain,
                  | Drain rC++ Str+4 Dex+2}
  1551 | D:3      | Killed Sigmund
  1552 | D:3      | Reached skill level 5 in Fighting
  1552 | D:3      | Reached XP level 4. HP: 30/39 MP: 2/4
  1552 | D:3      | Reached XP level 5. HP: 34/44 MP: 2/5
  1552 | D:3      | Reached XP level 6. HP: 39/51 MP: 2/6
  1773 | D:3      | Found a transporter.
  1773 | D:3      | Noticed drugrobin's ghost (weakling DgDe)
  1784 | D:3      | Found a transporter.
  2284 | D:4      | Noticed Eustachio
  2289 | D:4      | Killed Eustachio
  2313 | D:4      | Reached skill level 6 in Fighting
  2313 | D:4      | Reached XP level 7. HP: 31/58 MP: 2/7
  2323 | D:4      | Killed from afar by an orc wizard

Illustrated notes

Levels and vault maps discovered:
D:1:      lemuel_arrival_hallway, layout_loops_ring, roderic_serpentine_path,
          nicolae_shop_vocational
D:2:      layout_loops_cross, serial_bayou_ford_a, minmay_cut_off
D:3:      layout_loops_ring, gammafunk_ghost_arena, uniq_sigmund
D:4:      layout_basic, minmay_temple_entry_wispy, cheibrodos_sewer_entry_bend,
          nicolae_shop_firing_range, uniq_eustachio

Skill      XL: |  1  2  3  4  5  6 |
---------------+-------------------+-----
Fighting       | 5 6 |  6.1
Maces & Flails | 2 3 |  3.9
Axes           | |  2.8
Armour         | |  3.5
Shields        | |  4.2

Action                   |  1- 3 |  4- 6 |  7- 9 || total
-------------------------+-------+-------+-------++-------
Melee: War axe           |   110 |       |       ||   110
       Giant spiked club |     2 |    33 |     9 ||    44
  Use: Scroll            |     7 |       |       ||     7
       Potion            |     1 |       |     1 ||     2
Armor: Scale mail        |    46 |    18 |     6 ||    70
Dodge: Dodged            |    56 |    27 |     6 ||    89
Block: Buckler           |    31 |       |       ||    31

Table legend: (Time is in decaauts)
 A = Elapsed time spent in this place.
 B = Non-inter-level travel time spent in this place.
 C = Inter-level travel time spent in this place.
 D = Time resting spent in this place.
 E = Time spent auto-exploring this place.
 F = Levels seen in this place.
 G = Mean time per level.
                   A        B        C        D        E       F      G
               +--------+--------+--------+--------+--------+-----+--------+
         Total |   2406 |   2292 |    114 |     35 |   1768 |   4 |  601.5 |
       Dungeon |   2406 |   2292 |    114 |     35 |   1768 |   4 |  601.5 |
               +--------+--------+--------+--------+--------+-----+--------+

Top non-repeatable levels by time:
     D:1: 839 daAuts
     D:3: 782 daAuts
     D:2: 733 daAuts
     D:4: 51 daAuts
